 Dungeon Crawl Stone Soup version 0.16-a0-324-g99bef82 (webtiles) character file.

72 PolkaDot the Caller (level 4, -5/30 HPs)
             Began as a Vampire Summoner on Sept 3, 2014.
             Slain by an ogre
             ... wielding a +0 giant club
              (13 damage)
             ... on Level 3 of the Dungeon.
             The game lasted 00:07:02 (2037 turns).

PolkaDot the Caller (Vampire Summoner)              Turns: 2037, Time: 00:07:03

HP  -5/30        AC  3     Str  7      XL: 4   Next:  7%
MP   2/7         EV 10     Int 18      God:
Gold 179         SH  0     Dex 14      Spells:  3 memorised,  1 level left

rFire  + . .     SeeInvis +     e - +0 dagger
rCold  . . .     Clarity  .     j - +0 leather armour {rF+}
rNeg   . . .     rCorr    .     (no shield)
rPois  .         rRot     .     (no helmet)
rElec  .         Spirit   .     (no cloak)
SustAb .         Warding  .     (no gloves)
rMut   .         Stasis   .     (no boots)
Gourm  .                        (no amulet)
MR     .....                    (no ring)
                                (no ring)

@: regenerating quickly, not resistant to hostile enchantments, unstealthy
A: fangs 3, see invisible, unbreathing
a: no special abilities


You were on level 3 of the Dungeon.
You were very full.

You visited 1 branch of the dungeon, and saw 3 of its levels.

You collected 179 gold pieces.

Inventory:

Hand weapons
 e - a +0 dagger (weapon)
Armour
 j - a +0 leather armour of fire resistance (worn)
Magical devices
 q - a wand of slowing (5)
 r - a wand of paralysis (6) {unknown}
Scrolls
 d - 2 scrolls of teleportation {unknown}
 g - 2 scrolls of identify {unknown}
 h - a scroll of magic mapping {unknown}
 k - 5 scrolls of remove curse {unknown}
 l - a scroll of amnesia {unknown}
 m - a scroll of noise {unknown}
Jewellery
 i - an uncursed ring of protection from fire {unknown}
Potions
 a - a potion of flight {unknown}
 c - a potion of poison {unknown}
 f - a potion of lignification {unknown}
 o - a potion of mutation {unknown}
 p - a potion of degeneration {unknown}
Books
 b - a book of Callings

   Spells                             Type                      Level
   *Summon Small Mammal               Summoning                    1
   *Call Imp                          Summoning                    2
   *Call Canine Familiar              Summoning                    3
   Summon Guardian Golem              Hexes/Summoning              4
   Summon Lightning Spire             Summoning/Air                4
   Summon Ice Beast                   Ice/Summoning                4
 n - a book of Party Tricks

   Spells                             Type                      Level
   Summon Butterflies                 Summoning                    1
   Apportation                        Translocation                1
   Blink                              Translocation                2
   Tukima's Dance                     Hexes                        3
   Alistair's Intoxication            Transmutation/Poison         4


   Skills:
 - Level 2.1 Dodging
 - Level 3.0 Stealth
 - Level 2.0 Spellcasting
 + Level 5.6 Summonings


You had one spell level left.
You knew the following spells:

 Your Spells              Type           Power        Failure   Level  Hunger
a - Summon Small Mammal   Summ           ###.         1%          1    #......
d - Call Canine Familiar  Summ           ###.....     6%          3    ####...
s - Call Imp              Summ           ###.....     2%          2    ##.....


Dungeon Overview and Level Annotations

Branches:
Dungeon (3/15)

Altars:
Cheibriados


Innate Abilities, Weirdness & Mutations

Your natural rate of healing is unusually fast.
You have razor-sharp teeth.
You have supernaturally acute eyesight.
You can survive without breathing.


Message History

The bat hits you but does no damage. The bat closely misses you.
The bat barely misses you. The bat closely misses you.
The bat hits you but does no damage.
Unknown command.
Casting: Call Canine Familiar
Confirm with . or Enter, or press ? or * to list all spells.
The bat barely misses you.
Casting: Call Canine Familiar
Confirm with . or Enter, or press ? or * to list all spells.
A beastly little devil appears in a puff of frigid air.
* * * LOW MAGIC WARNING * * *
The bat hits you but does no damage. The bat barely misses your hound.
Your hound bites the bat.
The bat dies!
A jackal comes into view.
A jackal comes into view.
The jackal moves out of view.
Your hound bites the ogre.
The ogre hits you with a giant club!
You die...

#.# #.. #.# #.. #.#
#.. #.# #.. #.#######
.###### #.#......
....... #.#.#####
........#########.# #
<..h....@5......#.# #
........#Oh.......# #
.......#.#####.#######
# ..##'###.###
#.......# # #
#........# #..####.# #
#..###%#.# #..# #.# #
♣ ♣....#.# #..####.#
♣.....♣..# # #.....#.#
).... ...# #.###.#.#


You could see an ogre, a jackal, a friendly hound and a friendly white imp.

Vanquished Creatures
  An adder (D:3)
  A worm (D:2)
  2 giant cockroaches (D:1)
  3 goblins
  A hobgoblin (D:1)
  3 kobolds (D:1)
  5 bats
  2 giant geckos
  A giant newt (D:2)
  6 rats
25 creatures vanquished.

Vanquished Creatures (collateral kills)
  Jessica (D:3)
  2 adders (D:2)
  A gnoll (D:2)
  A worm (D:2)
  An orc (D:2)
  3 bats
  2 goblins (D:2)
  4 hobgoblins
15 creatures vanquished.

Vanquished Creatures (others)
  A ghoul (D:1)
  2 minotaurs (D:1)
  An octopode (D:1)
  3 trolls (D:1)
  A naga (D:1)
  2 centaurs (D:1)
  A hound (D:3)
  A crimson imp (D:2)
  2 mummies (D:1)
  An orc (D:1)
  2 kobolds (D:1)
  2 quokkas (D:2)
  5 tentacles (D:1)
  30 tentacle segments (D:1)
54 creatures vanquished.

Grand Total: 94 creatures vanquished

Notes
Turn   | Place    | Note
--------------------------------------------------------------
     0 | D:1      | PolkaDot, the Vampire Summoner, began the quest for the Orb.
     0 | D:1      | Reached XP level 1. HP: 13/13 MP: 3/3
     2 | D:1      | Noticed a minotaur
     2 | D:1      | Noticed a naga
     2 | D:1      | Noticed a ghoul
     2 | D:1      | Noticed a minotaur
     2 | D:1      | Noticed a troll
     2 | D:1      | Noticed a troll
     2 | D:1      | Noticed a kraken
     2 | D:1      | Noticed an octopode
     2 | D:1      | Noticed a centaur
     2 | D:1      | Noticed a centaur
     2 | D:1      | Noticed a troll
     5 | D:1      | Killed a minotaur
     6 | D:1      | Killed a naga
    10 | D:1      | Killed a ghoul
    13 | D:1      | Killed a minotaur
    13 | D:1      | Killed an octopode
    15 | D:1      | Killed a troll
    16 | D:1      | Killed a centaur
    16 | D:1      | Killed a centaur
    18 | D:1      | Killed a troll
    21 | D:1      | Killed a troll
   562 | D:1      | Reached XP level 2. HP: 16/19 MP: 4/4
  1198 | D:2      | Reached skill level 5 in Summonings
  1275 | D:2      | Found a snail-covered altar of Cheibriados.
  1289 | D:2      | Reached XP level 3. HP: 24/24 MP: 6/6
  1376 | D:2      | Learned a level 2 spell: Call Imp
  1380 | D:2      | Learned a level 3 spell: Call Canine Familiar
  1768 | D:3      | Noticed Jessica
  1783 | D:3      | Killed Jessica
  1783 | D:3      | Reached XP level 4. HP: 7/30 MP: 1/7
  2028 | D:3      | Noticed an ogre
  2037 | D:3      | Slain by an ogre

Action                   |  1- 3 |  4- 6 || total
-------------------------+-------+-------++-------
Melee: Dagger            |   117 |     4 ||   121
       Unarmed           |     8 |       ||     8
 Cast: Summon Small Mamm |    18 |       ||    18
       Call Imp          |     6 |     1 ||     7
       Call Canine Famil |     2 |     1 ||     3
  Use: Potion            |     1 |       ||     1
 Stab: Sleeping          |     1 |       ||     1
  Eat: Corpse            |    12 |     2 ||    14
